 Dungeon Crawl Stone Soup version 0.32-a0-799-g95e1662365 (webtiles) character file.

Game seed: 5760040927935218881

108171 madasgardian the Spear-Bearer (level 16, -2/130 HPs)
             Began as a Coglin Artificer on Mar 16, 2024.
             Was an Elder of Zin.
             Shot with an arrow by a naga sharpshooter (15 damage)
             ... on level 3 of the Snake Pit on Mar 21, 2024.
             The game lasted 01:25:08 (39806 turns).

madasgardian the Spear-Bearer (Coglin Artificer)   Turns: 39806, Time: 01:25:08

Health: -2/130     AC: 21    Str: 20    XL:     16   Next: 48%
Magic:  17/24      EV: 14    Int: 16    God:    Zin [****..]
Gold:   270        SH:  0    Dex: 19    Spells: 15/15 levels left

rFire   + . .        u - +4 trident (heavy) {Surjit}
rCold   . . .        a - +0 trident (heavy) {Ajinder}
rNeg    . . .        E - +2 chain mail {rC+}
rPois   ∞            L - +2 helmet
rElec   .            f - +0 cloak
rCorr   +            I - +1 pair of gloves "Toinaolimi" {rC- Will+++ rCorr Str-3}
SInv    .            g - +1 pair of boots
Will    ++++.        (amulet unavailable) Stlth
                     (ring unavailable)
HPRegen 1.21/turn    (ring unavailable)
MPRegen 0.59/turn    y - automatic sprocket {rPois rF+ Regen+ RegenMP+ rCorr}

%: no passive effects
@: vitalised, studying 2 skills, revved
A: off-hand wielding, slow wielding, warmup strikes, no jewellery
a: Renounce Religion, Recite, Vitalisation, Imprison, Donate Gold


You were on level 3 of the Snake Pit.
You worshipped Zin.
Zin was greatly pleased with you.
You visited 5 branches of the dungeon, and saw 26 of its levels.
You also visited: Trove, Sewer and Gauntlet.

You collected 2435 gold pieces.
You spent 1151 gold pieces at shops.
You donated 1014 gold pieces to Zin.

Inventory:

Hand Weapons
 a - a +0 heavy trident (offhand) {Ajinder}
 m - a +1 trident of flaming {Suthep}
 q - a +1 spear of protection {Belanum}
 r - the +10 spear "Conir" {heavy, ^Contam rElec rCorr Int+2}
   (You bought it in a shop on level 2 of the Snake Pit)

   Int+2:     It affects your intelligence (+2).
   rElec:     It insulates you from electricity.
   ^Contam:   It causes magical contamination when unequipped.
   rCorr:     It protects you from acid and corrosion.
 u - a +4 heavy trident (weapon) {Surjit}
Missiles
 s - 5 silver javelins
 A - 7 curare-tipped darts
Armour
 f - a +0 cloak (worn)
 g - a +1 pair of boots (worn)
 E - a +2 chain mail of cold resistance (worn)
 I - the +1 pair of gloves "Toinaolimi" (worn) {rC- Will+++ rCorr Str-3}
   (You found it in a Gauntlet)

   Str-3:     It affects your strength (-3).
   rC-:       It makes you vulnerable to cold.
   Will+++:   It greatly increases your willpower.
   rCorr:     It protects you from acid and corrosion.
 L - a +2 helmet (worn)
Gizmo
 y - an automatic sprocket (installed) {rPois rF+ Regen+ RegenMP+ rCorr}
   (You invented it yourself on level 5 of the Lair of Beasts)

   [automatic sprocket]

   rF+:       It protects you from fire.
   rPois:     It protects you from poison.
   Regen+:    It increases your rate of health regeneration.
   rCorr:     It protects you from acid and corrosion.
   RegenMP+:  It increases your rate of magic regeneration.
Wands
 c - a wand of flame (27) (quivered)
 d - a wand of charming (7)
 J - a wand of quicksilver (4)
 K - a wand of warping (5)
 O - a wand of mindburst (7)
Scrolls
 h - a scroll of fear
 j - 4 scrolls of blinking
 t - 6 scrolls of identify
 w - 3 scrolls of enchant weapon
 z - 5 scrolls of teleportation
 B - a scroll of revelation
 D - 2 scrolls of enchant armour
 G - 3 scrolls of immolation
 M - a scroll of poison
 N - 3 scrolls of vulnerability
 Q - 2 scrolls of fog
 R - 2 scrolls of butterflies
Potions
 b - 4 potions of might
 e - 3 potions of curing
 i - 2 potions of haste
 k - 2 potions of brilliance
 l - 11 potions of mutation
 n - 2 potions of magic
 p - 2 potions of resistance
 v - 2 potions of cancellation
 x - a potion of ambrosia
 F - 4 potions of enlightenment
 P - 4 potions of attraction
Miscellaneous
 o - a tin of tremorstones (2/2)
 C - a phial of floods (inert)


   Skills:
 + Level 13.0 Fighting
 - Level 14.0 Polearms
 - Level 6.0 Armour
 + Level 12.8 Dodging
 - Level 3.0 Stealth
 + Level 10.9 Invocations
 - Level 12.0 Evocations


You had 15 spell levels left.
You didn't know any spells.
Your spell library contained the following spells:

 Spells                   Type           Power      Damage    Failure   Level
 Apportation              Tloc           0%         N/A       86%         1
 Foxfire                  Conj/Fire      0%         2x1d4     86%         1
 Kiss of Death            Conj/Necr      0%         2d5       86%         1
 Magic Dart               Conj           0%         1d3       86%         1
 Necrotise                Necr           0%         1d4       86%         1
 Shock                    Conj/Air       0%         1d3       86%         1
 Slow                     Hex            0%         N/A       86%         1
 Sting                    Conj/Alch      0%         1d3       86%         1
 Summon Small Mammal      Summ           0%         N/A       86%         1
 Blink                    Tloc           0%         N/A       95%         2
 Call Imp                 Summ           0%         N/A       95%         2
 Jinxbite                 Hex            0%         N/A       95%         2
 Lesser Beckoning         Tloc           0%         N/A       95%         2
 Searing Ray              Conj           0%         2d4       95%         2
 Static Discharge         Conj/Air       0%         3-3/arc   95%         2
 Sublimation of Blood     Necr           0%         N/A       95%         2
 Call Canine Familiar     Summ           0%         N/A       99%         3
 Confusing Touch          Hex            0%         N/A       99%         3
 Dazzling Flash           Conj/Hex       0%         N/A       99%         3
 Frozen Ramparts          Ice            0%         1d1       99%         3
 Gell's Gravitas          Tloc           0%         N/A       99%         3
 Mephitic Cloud           Conj/Alch/Air  0%         N/A       99%         3
 Ozocubu's Armour         Ice            0%         N/A       99%         3
 Sigil of Binding         Hex            0%         N/A       99%         3
 Swiftness                Air            0%         N/A       99%         3
 Teleport Other           Tloc           0%         N/A       99%         3
 Vampiric Draining        Necr           0%         2d6       99%         3
 Cause Fear               Hex            0%         N/A       100%        4
 Dimensional Bullseye     Hex/Tloc       0%         N/A       100%        4
 Dispel Undead            Necr           0%         3d6       100%        4
 Fulminant Prism          Conj/Alch      0%         3d5       100%        4
 Passage of Golubria      Tloc           0%         N/A       100%        4
 Petrify                  Alch/Erth      0%         N/A       100%        4
 Summon Blazeheart Golem  Fire/Summ      0%         N/A       100%        4
 Fireball                 Conj/Fire      0%         3d3       100%        5
 Irradiate                Conj/Alch      0%         3d11      100%        5
 Iskenderun's Battlesphe  Conj           0%         2d6       100%        5
 Metabolic Englaciation   Hex/Ice        0%         N/A       100%        5
 Summon Forest            Summ/Tloc      0%         N/A       100%        5
 Yara's Violent Unravell  Hex/Alch       0%         3d3       100%        5
 Bombard                  Conj/Erth      0%         9d1       100%        6
 Dispersal                Tloc           0%         N/A       100%        6
 Eringya's Noxious Bog    Alch           0%         4d6       100%        6
 Plasma Beam              Fire/Air       0%         2x1d10    100%        6
 Starburst                Conj/Fire      0%         6d3       100%        6
 Enfeeble                 Hex            0%         N/A       100%        7
 Spellforged Servitor     Conj/Summ      0%         N/A       100%        7
 Summon Hydra             Summ           0%         N/A       100%        7
 Maxwell's Capacitive Co  Air            0%         ∞         100%        8
 Death's Door             Necr           0%         N/A       100%        9
 Dragon's Call            Summ           0%         N/A       100%        9


Dungeon Overview and Level Annotations

Branches:
Dungeon (15/15)            Temple (1/1) D:4            Lair (5/5) D:11
 Shoals (0/4) Lair:3        Snake (3/4) Lair:2        Slime (0/5) Lair:4
    Orc (2/2) D:10            Elf (0/3) Orc:2        Vaults (0/5) D:13
 Depths (0/4) D:15          Sewer (visited)         Gauntlet (visited)

Altars:
Ashenzari
Cheibriados
Dithmenos
Elyvilon
Fedhas
Gozag
Hepliaklqana
Kikubaaqudgha
Makhleb
Nemelex Xobeh
Okawaru
Qazlal
Ru
Sif Muna
Trog
Uskayaw
Vehumet
Wu Jian
Xom
Yredelemnul
Zin
The Shining One
Jiyva

Shops:
D:9 :(![   Orc:2 [*(=   Snake:2 :!(??

Portals:
Abyss: D:7

Annotations:
D:4 3 runed translucent doors, Astinus's ghost, amateur CoHu
D:7 2 transporters, hecktor's ghost, amateur FoHu
Lair:3 exclusion: oklob plant
Snake:3 Bai Suzhen


Innate Abilities, Weirdness & Mutations

You can wield a second weapon in your off-hand.
It takes a long time for you to wield or remove held weapons.
Your first few attacks do less damage.
You cannot equip rings or amulets.


Message History

The naga completely misses you.
Unknown command.
You hit the naga but do no damage.
The naga is moderately wounded.
You impale the naga with your +0 heavy trident!!
The naga sharpshooter shoots an arrow.
The arrow barely misses you.
The naga sharpshooter spits poison at you.
The splash of poison misses you. The naga spits poison at you.
The splash of poison hits you but does no damage.
Your divine stamina protects you from poison!
You resist.
You barely miss the naga with your +0 heavy trident.
The naga is almost dead.
You hit the naga with your +4 heavy trident.
You kill the naga!
The naga sharpshooter shoots an arrow.
The arrow hits you!
* * * LOW HITPOINT WARNING * * *
The naga sharpshooter gestures wildly while chanting.
The naga sharpshooter magically shoots an arrow.
The arrow hits you.
* * * LOW HITPOINT WARNING * * *
You closely miss the mana viper with your +4 heavy trident.
You hit the mana viper but do no damage.
The mana viper bites you but does no damage.
The naga sharpshooter gestures wildly while chanting.
The naga sharpshooter magically shoots an arrow.
The arrow hits you.
* * * LOW HITPOINT WARNING * * *
The naga sharpshooter shoots an arrow.
The arrow hits you!!
* * * LOW HITPOINT WARNING * * *
You impale the naga sharpshooter with your +4 heavy trident!!
You kill the naga sharpshooter!
The mana viper bites you but does no damage.
The naga sharpshooter spits poison at you.
The splash of poison misses you. The mana viper bites you.
* * * LOW HITPOINT WARNING * * *
You feel your power leaking away.
You feel better.
The naga sharpshooter shoots an arrow.
The arrow hits you!
You die...

#..........# #.....
.#..........#######.....
....)............##.....
.......................)
........................
........................
........................
........................
#....)@##########......
#....NS# ##.....
#....... #.....
#........ #.....
#......... #.....
#.......... #.....
#...............##.....
#...............##.....
#N...##N....


You could see a naga sharpshooter (catching breath) and a mana viper.

Vanquished Creatures
  Mlioglotl (Snake:3)
  Kirke (Lair:3)
  A balrug (Gauntlet)
  A stone giant (D:15)
  Azrael (Orc:2)
  A minotaur (Gauntlet)
  4 vault guards (D:13)
  An ice dragon (Lair:1)
  A salamander tyrant (Snake:2)
  2 hydras
  A catoblepas (D:15)
  6 anacondas
  6 centaur warriors
  A death knight (D:14)
  3 boulder beetles
  A two-headed ogre (D:10)
  11 naga warriors
  2 hell hogs (Lair:5)
  6 naga sharpshooters
  4 orc high priests
  Sonja (D:10)
  A wretched star (Gauntlet)
  A salamander mystic (Snake:2)
  2 skysharks (Lair:3)
  An obsidian statue (Snake:1)
  A naga ritualist (Snake:1)
  6 mana vipers
  A lindwurm (Lair:5)
  5 orc knights
  2 phantasmal warriors
  2 orc sorcerers (Orc:1)
  2 deep elf pyromancers
  2 manticores
  6 salamanders
  Maurice (D:10)
  4 cyclopes
  An elephant (D:10)
  An elephant (shapeshifter) (D:13)
  3 guardian serpents (Snake:2)
  10 naga magi
  A kobold blastminer (Orc:1)
  2 merfolk sirens (Lair:3)
  7 cane toads
  An ice statue (D:9)
  2 gargoyles
  20 black mambas
  4 molten gargoyles
  3 kobold demonologists
  A minotaur zombie (Gauntlet)
  3 rime drakes
  A freezing wraith (D:14)
  A yaktaur (D:15)
  9 komodo dragons
  A tengu conjurer (D:15)
  5 trolls
  A guardian mummy (D:10)
  A polar bear (shapeshifter) (D:15)
  3 polar bears
  2 merfolk (Lair:3)
  8 blink frogs
  13 slime creatures
  Sigmund (D:2)
  A shadow (D:13)
  3 vampires
  40 yaks
  2 small abominations (Gauntlet)
  4 wyverns
  2 wraiths
  2 hogs (Lair:4)
  A neqoxec (Gauntlet)
  A golden eye (shapeshifter) (D:15)
  2 fire elementals (Orc:2)
  A warg (Orc:1)
  3 steam dragons
  3 vampire mosquitoes
  8 basilisks
  21 nagas
  3 acid dragons
  22 water moccasins
  11 hell hounds
  2 black bears
  3 ice beasts
  A sky beast (D:6)
  2 laughing skulls (D:13)
  29 orc warriors
  10 centaurs
  4 boggarts (D:15)
  37 wolves
  6 ogres
  2 phantoms (D:5)
  6 kobold brigands
  A gnoll sergeant (D:10)
  11 bullfrogs
  A scorpion (D:10)
  A wight (D:8)
  A killer bee (D:8)
  6 howler monkeys
  4 vampire bats (Lair:5)
  7 lava snakes
  A jelly (D:6)
  A hound (D:6)
  30 orc priests
  A sleepcap (D:8)
  An iguana (D:4)
  23 orc wizards
  A kobold zombie (Sewer)
  17 gnolls
  17 adders
  A river rat (D:3)
  2 shadow imps (Sewer)
  2 white imps
  4 dart slugs
  3 ribbon worms
  89 orcs
  9 ball pythons
  12 bats
  4 endoplasms
  4 giant cockroaches
  5 goblins
  7 hobgoblins
  9 jackals
  4 quokkas
  6 frilled lizards
  30 kobolds
  5 rats
750 creatures vanquished.

Vanquished Creatures (collateral kills)
  An orc high priest (Orc:2)
  An orc knight (Orc:2)
  A salamander (Snake:2)
  A guardian mummy (D:10)
  4 nagas
  An ufetubus (Sewer)
  An orc (Orc:2)
10 creatures vanquished.

Vanquished Creatures (others)
  2 shock serpents
  An orc knight (Orc:2)
  A hornet (D:10)
  4 humans (Lair:4)
  3 nagas
  A centaur (D:11)
  A bullfrog (Lair:4)
  A jelly (D:7)
  An orc wizard (D:10)
  A shadow imp (Sewer)
  An orc (D:10)
  2 foxfires (Snake:3)
19 creatures vanquished.

Grand Total: 779 creatures vanquished

Notes
Turn   | Place    | Note
-------+----------+-------------------------------------------
     0 | D:1      | madasgardian the Coglin Artificer began the quest for the
                  | Orb.
     0 | D:1      | Reached XP level 1. HP: 15/15 MP: 1/1
    54 | D:1      | Reached skill level 1 in Dodging
   217 | D:1      | Reached XP level 2. HP: 21/21 MP: 2/2
   391 | D:1      | Reached XP level 3. HP: 21/27 MP: 3/3
   834 | D:2      | Reached XP level 4. HP: 33/33 MP: 4/4
   835 | D:2      | Reached skill level 5 in Evocations
   882 | D:2      | Reached XP level 5. HP: 40/40 MP: 5/5
  1182 | D:2      | Noticed Sigmund
  1184 | D:2      | Killed Sigmund
  1185 | D:2      | Reached skill level 1 in Polearms
  1185 | D:2      | Reached XP level 6. HP: 47/47 MP: 6/6
  1264 | D:2      | Found a faded altar of an unknown god.
  1328 | D:2      | Reached skill level 2 in Polearms
  1616 | D:3      | Found a glowing drain.
  1648 | Sewer    | Entered a sewer
  1910 | Sewer    | Found an ancient bone altar of Kikubaaqudgha.
  2092 | Sewer    | Reached XP level 7. HP: 45/53 MP: 7/7
  2098 | Sewer    | Identified the +3 scale mail "Tykir" {-Tele Will+ Int+4}
  2132 | Sewer    | Noticed Grinder
  2168 | Sewer    | Paralysed by Grinder for 2 turns
  2521 | D:3      | Found a glowing silver altar of Zin.
  2530 | D:3      | Found a sacrificial altar of Ru.
  2808 | D:3      | Reached skill level 3 in Polearms
  2974 | D:4      | Found a staircase to the Ecumenical Temple.
  3021 | Temple   | Entered the Ecumenical Temple
  3137 | D:3      | Became a worshipper of Zin the Law-Giver
  3137 | D:3      | Reached * piety under Zin
  3138 | D:3      | Donated 96 gold pieces to Zin
  3273 | D:4      | Found a runed translucent gate.
  3273 | D:4      | Found a runed translucent gate.
  3273 | D:4      | Found a runed translucent gate.
  3282 | D:4      | Noticed Astinus's ghost (amateur CoHu)
  3571 | D:4      | Found a glowing golden altar of the Shining One.
  3571 | D:4      | Found an opulent altar of Gozag.
  3571 | D:4      | Found a broken altar of Ashenzari.
  3571 | D:4      | Found a bloodstained altar of Trog.
  3604 | D:4      | Found a radiant altar of Vehumet.
  3604 | D:4      | Found a sparkling altar of Nemelex Xobeh.
  3896 | D:5      | Entered Level 5 of the Dungeon
  3902 | D:5      | Reached ** piety under Zin
  3977 | D:5      | Reached skill level 1 in Invocations
  4143 | D:5      | Reached skill level 4 in Polearms
  4526 | D:6      | Identified the +0 ring mail of Gozag's Wrath {Will+ Stlth+}
  4591 | D:6      | Reached XP level 8. HP: 60/60 MP: 9/9
  4837 | D:6      | Reached skill level 5 in Polearms
  5314 | D:7      | Reached skill level 6 in Polearms
  5602 | D:7      | Noticed a hellwing
  5674 | D:7      | Noticed hecktor's ghost (amateur FoHu)
  5675 | D:7      | Found a one-way gate to the infinite horrors of the Abyss.
  5684 | D:7      | Found a transporter.
  5705 | D:7      | Found a transporter.
  5825 | D:7      | Reached *** piety under Zin
  5889 | D:7      | HP: 3/60 [acid (7)]
  5909 | D:7      | Reached XP level 9. HP: 9/65 MP: 11/11
  6363 | D:7      | Reached skill level 7 in Polearms
  6602 | D:8      | Noticed a gargoyle
  6613 | D:8      | Killed a gargoyle
  6618 | D:8      | Reached **** piety under Zin
  6743 | D:8      | Noticed a boulder beetle
  6778 | D:8      | Killed a boulder beetle
  6779 | D:8      | Reached skill level 8 in Polearms
  6779 | D:8      | Reached skill level 5 in Invocations
  6943 | D:8      | Noticed a boulder beetle
  6977 | D:8      | Killed a boulder beetle
  6978 | D:8      | Reached XP level 10. HP: 73/73 MP: 14/14
  7467 | D:8      | Reached skill level 5 in Fighting
  7824 | D:9      | Found Pehibrit's Distillery.
  7833 | D:9      | Bought a potion of curing for 39 gold pieces
  7833 | D:9      | Bought a potion of curing for 39 gold pieces
  7833 | D:9      | Donated 167 gold pieces to Zin
  7945 | D:9      | Reached skill level 5 in Dodging
  7974 | D:9      | Found Gocsemme's Weapon Shoppe.
  8028 | D:9      | Found Fadyad's Book Boutique.
  8335 | D:9      | Found a stormy altar of Qazlal.
  8384 | D:9      | Found Woghot's Armour Emporium.
  8390 | D:9      | Reached ***** piety under Zin
  8396 | D:9      | Got the Guide on Non-linear Anathema
  8442 | D:9      | Reached skill level 9 in Polearms
  8561 | D:9      | Noticed an ice statue
  8592 | D:9      | Killed an ice statue
  8928 | D:10     | Entered Level 10 of the Dungeon
  8948 | D:10     | Reached XP level 11. HP: 74/83 MP: 15/15
  8965 | D:10     | Noticed Maurice
  8968 | D:10     | Maurice stole a tin of tremorstones (2/2)
  8979 | D:10     | Killed Maurice
  8981 | D:10     | Noticed Sonja
  9021 | D:10     | Killed Sonja
  9859 | D:10     | Noticed a two-headed ogre
  9880 | D:10     | Killed a two-headed ogre
 10186 | D:10     | Found a staircase to the Orcish Mines.
 10419 | D:10     | Found a portal to a secret trove of treasure.
 12607 | D:11     | Found a staircase to the Lair.
 13369 | Lair:1   | Entered Level 1 of the Lair of Beasts
 13577 | Lair:1   | Reached skill level 10 in Polearms
 13582 | Lair:1   | Reached XP level 12. HP: 80/92 MP: 17/17
 13670 | Lair:1   | Identified the +10 arbalest of True Grit {drain, rC+ Str+3
                  | Dex+4}
 13979 | Lair:1   | Reached ****** piety under Zin
 14510 | Lair:1   | Noticed an ice dragon
 14522 | Lair:1   | Killed an ice dragon
 15302 | Lair:2   | Reached skill level 11 in Polearms
 15897 | Lair:2   | Found a staircase to the Snake Pit.
 16394 | Lair:2   | Noticed a five-headed hydra
 16396 | Lair:2   | Killed a five-headed hydra
 16397 | Lair:2   | Reached skill level 5 in Armour
 16397 | Lair:2   | Reached XP level 13. HP: 99/99 MP: 19/19
 17021 | Lair:3   | Found a sacrificial altar of Ru.
 17378 | Lair:3   | Found a staircase to the Shoals.
 17728 | Lair:3   | Identified the +0 robe of the Silversmith {Dex+4}
 18772 | Lair:4   | Noticed Kirke
 18903 | Lair:3   | Reached skill level 12 in Polearms
 18991 | Lair:3   | Killed Kirke
 19148 | Lair:4   | Reached skill level 10 in Evocations
 20051 | Lair:4   | Found a staircase to the Slime Pits.
 20052 | Lair:4   | Found a viscous altar of Jiyva.
 20310 | Lair:5   | Entered Level 5 of the Lair of Beasts
 22276 | D:10     | You paid a toll of +2 ice dragon scales to enter a treasure
                  | trove
 22277 | Trove    | Entered a treasure trove
 22348 | Trove    | Got Sif Muna's Spellbook of Malignant Magicks and
                  | Inhalation
 22795 | Lair:5   | Reached XP level 14. HP: 109/109 MP: 21/21
 22795 | Lair:5   | Acquired an automatic sprocket {rPois rF+ Regen+ RegenMP+
                  | rCorr}
 22826 | Lair:5   | Found a large runed translucent door.
 22828 | Lair:5   | Found a large runed translucent door.
 22868 | Lair:5   | Reached skill level 10 in Fighting
 23031 | Lair:5   | Reached skill level 13 in Polearms
 24008 | Orc:1    | Entered Level 1 of the Orcish Mines
 24546 | Orc:2    | Entered Level 2 of the Orcish Mines
 24587 | Orc:2    | Found a staircase to the Elven Halls.
 24832 | Orc:1    | Reached skill level 10 in Invocations
 25596 | Orc:1    | Reached skill level 14 in Polearms
 25866 | Orc:1    | Reached skill level 1 in Stealth
 26970 | Orc:2    | Noticed Azrael
 27015 | Orc:2    | Killed Azrael
 27716 | Orc:2    | Found Vophuuw's Weapon Shoppe.
 27716 | Orc:2    | Found Maluruut's Jewellery Shoppe.
 27717 | Orc:2    | Found Caigove's Antique Armour Shoppe.
 27717 | Orc:2    | Found Xaklosiu's Assorted Antiques.
 27729 | Orc:2    | Bought a potion of resistance for 240 gold pieces
 27729 | Orc:2    | Bought a potion of curing for 72 gold pieces
 27729 | Orc:2    | Bought a potion of heal wounds for 120 gold pieces
 27729 | Orc:2    | Bought a scroll labelled DOXTYO WYIPTUA for 24 gold pieces
 27738 | Orc:2    | Bought a glowing chain mail for 225 gold pieces
 28360 | D:12     | Found a gate leading to a gauntlet.
 28369 | Gauntlet | Entered a Gauntlet
 28369 | Gauntlet | Found a transporter.
 28369 | Gauntlet | Found a transporter.
 28370 | Gauntlet | Found a transporter.
 28373 | Gauntlet | Found a transporter.
 28373 | Gauntlet | Found a transporter.
 28378 | Gauntlet | Noticed a balrug
 28383 | Gauntlet | Found a transporter.
 28450 | Gauntlet | Found a transporter.
 28460 | Gauntlet | Found a transporter.
 28475 | Gauntlet | Found a transporter.
 28477 | Gauntlet | Found a large runed translucent door.
 28478 | Gauntlet | Found a large runed translucent door.
 28479 | Gauntlet | Found a large runed translucent door.
 28479 | Gauntlet | Found a large runed translucent door.
 28479 | Gauntlet | Found a runed translucent door.
 28479 | Gauntlet | Found a runed translucent door.
 28480 | Gauntlet | Found a large runed translucent door.
 28481 | Gauntlet | Found a large runed translucent door.
 28482 | Gauntlet | Found a large runed translucent door.
 28482 | Gauntlet | Found a large runed translucent door.
 28483 | Gauntlet | Found a runed translucent gate.
 28483 | Gauntlet | Found a runed translucent gate.
 28483 | Gauntlet | Found a runed translucent gate.
 28485 | Gauntlet | Found a transporter.
 28494 | Gauntlet | Found a large runed translucent door.
 28494 | Gauntlet | Found a large runed translucent door.
 28495 | Gauntlet | Found a large runed translucent door.
 28496 | Gauntlet | Found a large runed translucent door.
 28500 | Gauntlet | Found a transporter.
 28506 | Gauntlet | Found a transporter.
 28571 | Gauntlet | Found a large runed translucent door.
 28572 | Gauntlet | Found a large runed translucent door.
 28573 | Gauntlet | Found a large runed translucent door.
 28573 | Gauntlet | Found a large runed translucent door.
 28787 | Gauntlet | Killed a balrug
 28961 | Gauntlet | Identified the +1 pair of gloves "Toinaolimi" {rC- Will+++
                  | rCorr Str-3}
 28983 | Gauntlet | Reached XP level 15. HP: 48/119 MP: 22/22
 30379 | D:13     | Found the +3 Mad Mage's Maulers {Infuse+∞ VampMP -Cast}
 30860 | D:13     | Reached skill level 10 in Dodging
 30864 | D:13     | Found a gate to the Vaults.
 31332 | D:14     | Found a broken altar of Ashenzari.
 32249 | D:15     | Entered Level 15 of the Dungeon
 32382 | D:15     | Found a staircase to the Depths.
 33574 | D:15     | Upgraded the game from 0.32-a0-732-ga344392067 to
                  | 0.32-a0-747-gc8563f6773
 33769 | Snake:1  | Entered Level 1 of the Snake Pit
 34369 | Snake:1  | Donated 531 gold pieces to Zin
 35407 | Snake:2  | Found Maig's Distillery.
 35731 | Snake:2  | Bought a potion of heal wounds for 75 gold pieces
 35731 | Snake:2  | Bought a potion of curing for 45 gold pieces
 35756 | Snake:2  | Found Ujeng's Book Emporium.
 35845 | Snake:2  | Reached XP level 16. HP: 84/127 MP: 23/23
 38025 | Snake:2  | Found Yfappian's Magic Scroll Shop.
 38056 | Snake:2  | Found Uhuluch's Magic Scroll Boutique.
 38065 | Snake:2  | Found Giytag's Antique Weapon Emporium.
 38129 | Snake:2  | Bought a steaming spear for 272 gold pieces
 38129 | Snake:2  | Identified the +10 spear "Conir" {heavy, ^Contam rElec
                  | rCorr Int+2} (You bought it in a shop on level 2 of the
                  | Snake Pit)
 38129 | Snake:2  | Upgraded the game from 0.32-a0-747-gc8563f6773 to
                  | 0.32-a0-768-g0f6f1dd4b9
 38296 | Snake:2  | Upgraded the game from 0.32-a0-768-g0f6f1dd4b9 to
                  | 0.32-a0-799-g95e1662365
 39381 | Snake:3  | Noticed Mlioglotl
 39399 | Snake:3  | Killed Mlioglotl
 39404 | Snake:3  | Noticed Bai Suzhen
 39804 | Snake:3  | HP: 6/130 [naga sharpshooter/arrow (18)]
 39805 | Snake:3  | HP: 1/130 [mana viper (6)]
 39806 | Snake:3  | Shot with an arrow by a naga sharpshooter

Illustrated notes

Levels and vault maps discovered:
D:1:      lemuel_arrival_rhombus, layout_basic
D:2:      cheibrodos_old_hovel, layout_basic, ebering_ecumenical_altar_rust,
          uniq_sigmund
D:3:      layout_loops_cross, mainiacjoe_overflow_swirl, gup_sewer_entry_bubbles
D:4:      layout_basic, minmay_overflow_temple_hex, minmay_temple_entry_glass,
          gammafunk_ghost_necromancy
D:5:      layout_loops_cross, serial_glass, glass_columns_a, glass_columns_a
D:6:      layout_loops_cross
D:7:      nicolae_whirlpool, layout_basic, gammafunk_ghost_abyssal_escape,
          minmay_misc_feat_ornament, minmay_misc_feat_enclosed, moated_statue
D:8:      minmay_ornate_pinched, layout_loops_ring, minivault_21
D:9:      minmay_statue_hallways, layout_basic, grunt_qazlal_sundering,
          serial_shops, nicolae_shop_hallway_stairs, nicolae_diamond_shop, shop,
          nicolae_book_shop_shelving, chequers_avenue
D:10:     layout_basic, david_orc_4, nicolae_trove_entry_path_of_doom,
          uniq_sonja, uniq_maurice
D:11:     layout_rooms, grunt_lair_entry_orc_guard_hut, lemuel_flame_loot_1
D:12:     layout_long_grid, gauntlet_entry_generic
D:13:     layout_basic, lightli_vaults_fourway_checkpoint
D:14:     layout_loops_ring, nicolae_ashenzari_skybound
D:15:     grunt_enter_depths_giant_problem, layout_basic
Temple:   hellmonk_temple_forest_ring
Lair:1:   dragon1_lemuel, layout_regular_city, cheibrodos_lair_reptile_den,
          lemuel_fruit_fields
Lair:2:   layout_roguey, nicolae_snake_entry_warm_welcome, st_stairs_13,
          serial_bayou_shore_b, infiniplex_staircase_pool_2
Lair:3:   layout_cave_shapes, elwin_shoals_entry_stream, lemuel_oklob_altar
Lair:4:   beast_lair_carwin_large_3, layout_loops_ring, slime_entry_1,
          uniq_kirke
Lair:5:   cheibrodos_lair_end_hotspot, layout_regular_city, enter_volcano_3,
          roderic_batcave
Snake:1:  layout_honeycomb, dpeg_stationary_puzzle, grunt_megastairs_3
Snake:2:  layout_onion_interference, serial_shops, shop, shop,
          nicolae_book_shop_shelving, nicolae_shop_real_fake_doors, shop,
          nicolae_snake_squiggles
Snake:3:  layout_grid_maze, nicolae_snake_coiling_death, uniq_mlioglotl,
          uniq_bai_suzhen
Orc:1:    layout_diamond_mine
Orc:2:    st_orc_pillars, layout_caves, uniq_azrael

Skill      XL: |  1  2  3  4  5  6  7  8  9 10 11 12 13 14 15 16 |
---------------+-------------------------------------------------+-----
Dodging        | 1 2 3 4 6 7 8 9 12 | 12.8
Fighting       | 2 3 4 6 8 9 11 12 13 | 13.0
Evocations     | 5 6 8 9 10 12 | 12.0
Polearms       | 1 2 4 6 8 9 10 11 12 14 | 14.0
Invocations    | 1 3 6 7 8 9 10 | 10.9
Armour         | 2 4 5 6 |  6.0
Stealth        | 3 |  3.0

Action                     |  1- 3 |  4- 6 |  7- 9 | 10-12 | 13-15 | 16-18 || total
---------------------------+-------+-------+-------+-------+-------+-------++-------
  Melee: Dagger            |   184 |    28 |       |       |       |       ||   212
         Club              |    12 |       |       |       |       |       ||    12
         Spear             |       |   297 |   459 |   751 |  1538 |   133 ||  3178
         Trident           |       |       |   155 |   790 |  1644 |   342 ||  2931
 Invoke: Donate Gold       |       |       |     1 |     1 |     1 |       ||     3
         Recite            |       |       |       |     3 |    11 |     1 ||    15
         Vitalisation      |       |       |       |     1 |     5 |     4 ||    10
         Sanctuary         |       |       |       |       |     4 |     1 ||     5
Ability: Invent Gizmo      |       |       |       |       |     1 |       ||     1
  Evoke: Wand              |     1 |     4 |    13 |    17 |    11 |    25 ||    71
         Tin of tremorston |       |       |       |     4 |     3 |       ||     7
         Phial of floods   |       |       |       |     2 |     4 |     1 ||     7
    Use: Scroll            |       |     1 |    13 |     9 |    10 |     9 ||    42
         Potion            |       |       |     4 |     5 |     9 |     4 ||    22
   Stab: Distracted        |       |     1 |       |       |       |       ||     1
         Confused          |       |       |       |     1 |     9 |       ||    10
         Invisible         |       |       |       |       |    19 |       ||    19
 Armour: Ring mail         |    94 |    70 |       |       |       |       ||   164
         Scale mail        |       |       |   230 |   558 |   698 |       ||  1486
         Chain mail        |       |       |       |       |   623 |   342 ||   965
  Dodge: Dodged            |    53 |    70 |   115 |   388 |   709 |   122 ||  1457

Table legend: (Time is in decaauts)
 A = Elapsed time spent in this place.
 B = Non-inter-level travel time spent in this place.
 C = Inter-level travel time spent in this place.
 D = Time resting spent in this place.
 E = Time spent auto-exploring this place.
 F = Levels seen in this place.
 G = Mean time per level.
                   A        B        C        D        E       F      G
               +--------+--------+--------+--------+--------+-----+--------+
         Total |  39203 |  37482 |   1721 |  15479 |  14677 |  29 | 1351.8 |
       Dungeon |  18144 |  17203 |    941 |   6035 |   7959 |  15 | 1209.6 |
        Temple |     67 |     59 |      8 |      0 |      0 |   1 |   67.0 |
          Lair |  10068 |   9666 |    402 |   3772 |   4284 |   5 | 2013.6 |
     Snake Pit |   5938 |   5629 |    309 |   3136 |   1470 |   3 | 1979.3 |
  Orcish Mines |   3546 |   3486 |     60 |   1802 |    777 |   2 | 1773.0 |
         Trove |    100 |    100 |      0 |      0 |      0 |   1 |  100.0 |
         Sewer |    542 |    542 |      0 |    294 |     86 |   1 |  542.0 |
      Gauntlet |    795 |    795 |      0 |    439 |    100 |   1 |  795.0 |
               +--------+--------+--------+--------+--------+-----+--------+

Top non-repeatable levels by time:
 Snake:2: 3732 daAuts
    D:10: 3726 daAuts
  Lair:4: 2730 daAuts
  Lair:5: 2177 daAuts
   Orc:1: 1971 daAuts
 Snake:1: 1931 daAuts
  Lair:3: 1763 daAuts
  Lair:1: 1750 daAuts
  Lair:2: 1645 daAuts
   Orc:2: 1574 daAuts
    D:13: 1456 daAuts
    D:15: 1268 daAuts
    D:11: 1264 daAuts
     D:9: 1258 daAuts
     D:8: 1240 daAuts
